 Dungeon Crawl Stone Soup version 0.19.5 (webtiles) character file.

40 miragecloak the Poker (level 3, -2/29 HPs)
             Began as a Merfolk Abyssal Knight on May 8, 2017.
             Was a Follower of Lugonu.
             Slain by a gnoll
             ... wielding a +0 flail
              (13 damage)
             ... on level 1 of the Dungeon.
             The game lasted 00:01:47 (1398 turns).

miragecloak the Poker (Merfolk Abyssal Knight)      Turns: 1398, Time: 00:01:48

Health: -2/29      AC:  4    Str: 12    XL:     3   Next: 50%
Magic:  4/4        EV: 12    Int: 11    God:    Lugonu [*.....]
Gold:   60         SH:  0    Dex: 14    Spells: 0 memorised, 2 levels left

rFire  . . .     SeeInvis .     a - +1 spear
rCold  . . .     Gourm    .     b - +0 leather armour
rNeg   . . .     Faith    .     (no shield)
rPois  .         Spirit   .     (no helmet)
rElec  .         Reflect  .     (no cloak)
rCorr  .         Harm     .     (no gloves)
MR     .....                    l - +0 pair of boots
Stlth  +.........               (no amulet)
                                (no ring)
                                (no ring)

@: no status effects
A: change form in water, swift swim, stealthy swim
a: Depart the Abyss, Renounce Religion


You were on level 1 of the Dungeon.
You worshipped Lugonu.
Lugonu was aware of your devotion.
You were hungry.

You visited 1 branch of the dungeon, and saw 2 of its levels.
You visited the Abyss 1 time.

You collected 60 gold pieces.

Inventory:

Hand Weapons
 a - a +1 spear (weapon)
Armour
 b - a +0 leather armour (worn)
 l - a +0 pair of boots (worn)
Jewellery
 f - a cursed ring of loudness {unknown}
 k - an uncursed ring of protection from cold {unknown}
 m - an uncursed ring of protection from magic {unknown}
Scrolls
 d - 2 scrolls of teleportation {unknown}
 e - 2 scrolls of noise {unknown}
 h - 2 scrolls of fog {unknown}
Potions
 i - a potion of curing {unknown}
 j - 3 potions of haste {unknown}
 o - a potion of flight {unknown}
Comestibles
 c - 2 bread rations
 g - 3 meat rations
 p - a slice of pizza


   Skills:
 - Level 3.2 Fighting
 + Level 5.5 Polearms
 - Level 0.6 Armour
 - Level 2.6 Dodging
 - Level 2.0 Invocations


You had 2 spell levels left.
You didn't know any spells.

Dungeon Overview and Level Annotations

Branches:
Dungeon (2/15)

Altars:


Message History

You climb upwards.
There is a stone staircase leading down here.
You climb downwards.
The gnoll hits you but does no damage.
The gnoll throws a stone.
The stone hits you. The gnoll hits you with a flail.
The gnoll closely misses you.
The gnoll throws a stone.
The stone hits you.
There is a stone staircase leading up here.
You see here 7 stones.
The gnoll hits you with a flail!
The gnoll throws a stone.
The stone closely misses you.
The gnoll hits you from afar with a spear.
You climb upwards.
There is a stone staircase leading down here.
Your leather armour prevents you from hitting the gnoll.
The gnoll closely misses you.
You hit the gnoll.
The gnoll is heavily wounded.
You closely miss the gnoll.
The gnoll is heavily wounded.
The gnoll hits you with a flail!
You die...

#.#.........# ##.########.# #.#
#.####### #.# #.##....) #.#
#.##.#### #.# #.##.# #.# #.##.# #
#.# #.##.# # #@# ### #.##.# #
##### #g# ##.###.##.# #
########.(.## #.# #...##.##.# #
............####.###..###########
#####.................### ♣♣♣♣..>
# #...................#♣♣<.....
#####........#.#.####.###♣...<.≈≈
#..............#.# #...#[....≈≈P
#.##..##....####.# #.#.'....≈≈≈≈


You could see a gnoll.

Vanquished Creatures
  A gnoll (D:1)
  An adder (D:2)
  2 leopard geckos (D:2)
  3 goblins
  3 hobgoblins
  A bat (D:1)
  3 frilled lizards
  4 kobolds
  5 rats (D:1)
23 creatures vanquished.

Notes
Turn   | Place    | Note
-------+----------+-------------------------------------------
     0 | Abyss:1  | miragecloak the Merfolk Abyssal Knight began the quest for the Orb.
     0 | Abyss:1  | Reached XP level 1. HP: 18/18 MP: 2/2
   108 | Abyss:1  | Noticed a starcursed mass
   109 | D:1      | Escaped the Abyss
   300 | D:1      | Reached * piety under Lugonu
   509 | D:1      | Reached skill level 4 in Polearms
   509 | D:1      | Reached XP level 2. HP: 24/24 MP: 3/3
   736 | D:2      | Found a faded altar of an unknown god.
   788 | D:2      | Reached XP level 3. HP: 29/29 MP: 4/4
   824 | D:2      | Reached skill level 5 in Polearms
  1398 | D:1      | Slain by a gnoll

Skill      XL: |  1  2  3 |
---------------+----------+-----
Polearms       | 4 5 |  5.5
Fighting       | |  3.2
Armour         | |  0.6
Dodging        | |  2.6
Invocations    | |  2.0

Action                   || total
-------------------------++-------
Melee: Spear             ||    97
Invok: Depart the Abyss  ||     1
 Stab: Sleeping          ||     2
  Eat: Chunk             ||     1
Armor: Leather armour    ||    22
Dodge: Dodged            ||    46
